 Dungeon Crawl Stone Soup version 0.26.1-10-gdfb7c7de75 (webtiles) character file.

Game seed: 9506446956801154956

11463 CrazyMind the Artisan of Death (level 11, -7/57 (83) HPs)
             Began as a Gnoll Necromancer on Apr 11, 2021.
             Was a Priest of Kikubaaqudgha.
             Splashed by an oklob plant's acid (8 damage)
             ... on level 1 of the Lair of Beasts.
             The game lasted 01:19:31 (16156 turns).

CrazyMind the Artisan of Death (Gnoll Necromancer) Turns: 16156, Time: 01:19:33

HP:   -7/57 (83)    AC:  4    Str: 11    XL:     11   Next: 78%
MP:   30/32         EV: 17    Int: 20    God:    Kikubaaqudgha [***...]
Gold: 756           SH:  6    Dex: 16    Spells: 4/26 levels left

rFire    . . .     SeeInvis .   n - +6 whip
rCold    . . .     Faith    .   M - +0 buckler
rNeg     . . .     Spirit   .   b - +0 leather armour
rPois    .         Reflect  .   j - +2 helmet
rElec    .         Harm     .   u - scarf {+Inv}
rCorr    .         Rampage  .   K - +0 pair of gloves
Will     .....                  (no boots)
Stlth    ++++......             P - amulet of magic regeneration
HPRegen  0.19/turn              w - ring of magical power
MPRegen  0.48/turn              (no ring)

@: corroded, slightly contaminated, very heavily drained, invisible
A: distributed training, fangs 1, strong nose
a: Renounce Religion, Evoke Invisibility, Receive Corpses


You were on level 1 of the Lair of Beasts.
You worshipped Kikubaaqudgha.
Kikubaaqudgha was most pleased with you.
You visited 3 branches of the dungeon, and saw 12 of its levels.
You also visited: Ossuary.

You collected 756 gold pieces.

Inventory:

Hand Weapons
 n - a +6 whip (weapon)
 v - a +0 hunting sling
 H - a +0 spear
 R - the +8 long sword of Waleis {vorpal, *Rage rElec rN++ Str+3}
   (You found it on level 10 of the Dungeon)

   It inflicts extra damage upon your enemies.
   It affects your strength (+3).
   It insulates you from electricity.
   It greatly protects you from negative energy.
   It may make you go berserk in combat.
Missiles
 c - 175 arrows
 e - 186 stones
 f - 2 javelins
 h - 54 sling bullets
 k - 45 poisoned darts
 q - 28 bolts
 A - 17 boomerangs
Armour
 b - a +0 leather armour (worn)
 j - a +2 helmet (worn)
 u - a scarf of invisibility (worn)
 E - a +0 robe of resistance
 I - the +6 chain mail of Disaster {Str+6 Dex-5 SInv}
   (You found it on level 6 of the Dungeon)

   It affects your strength (+6).
   It affects your dexterity (-5).
   It lets you see invisible.
 K - a +0 pair of gloves (worn)
 M - a +0 buckler (worn)
Jewellery
 a - an uncursed amulet of reflection
 d - an uncursed ring of see invisible
 w - a ring of magical power (left hand)
 P - an amulet of magic regeneration (around neck)
 U - an uncursed amulet of regeneration
 Y - an uncursed ring of wizardry
Wands
 N - a wand of polymorph (3)
 V - a wand of enslavement (10)
 W - a wand of disintegration (5)
 X - a wand of flame (14)
Scrolls
 m - 12 scrolls of identify
 r - 4 scrolls of teleportation
 s - 2 scrolls of enchant weapon
 y - a scroll of enchant armour
 B - a scroll of remove curse
 C - a scroll of random uselessness {unknown}
 D - 5 scrolls of amnesia
 G - 2 scrolls of blinking
 O - a scroll of acquirement {unknown}
 T - 4 scrolls of magic mapping
Potions
 g - 2 potions of attraction
 l - 5 potions of curing
 o - 2 potions of lignification
 p - a potion of invisibility {unknown}
 t - a potion of resistance
 x - 2 potions of ambrosia
 z - 2 potions of heal wounds
 F - 2 potions of magic
 J - 3 potions of brilliance
 L - a potion of cancellation {unknown}
 Q - a potion of might {unknown}
 S - a potion of flight {unknown}
 Z - a potion of berserk rage {unknown}


   Skills:
 + Level 6.6 Fighting
 + Level 6.6 Short Blades
 + Level 6.6 Long Blades
 + Level 6.6 Axes
 + Level 6.6 Maces & Flails
 + Level 6.6 Polearms
 + Level 6.6 Staves
 + Level 6.6 Slings
 + Level 6.6 Bows
 + Level 6.6 Crossbows
 + Level 6.6 Throwing
 + Level 6.6 Armour
 + Level 8.1 Dodging
 + Level 7.9 Stealth
 + Level 6.6 Shields
 + Level 6.6 Unarmed Combat
 + Level 8.4 Spellcasting
 + Level 5.5 Conjurations
 + Level 5.5 Hexes
 + Level 5.5 Summonings
 + Level 9.1 Necromancy
 + Level 5.5 Translocations
 + Level 5.5 Transmutations
 + Level 5.5 Fire Magic
 + Level 5.5 Ice Magic
 + Level 5.5 Air Magic
 + Level 5.5 Earth Magic
 + Level 5.5 Poison Magic
 + Level 7.2 Invocations
 + Level 6.6 Evocations


You had 4 spell levels left.
You knew the following spells:

 Your Spells              Type           Power        Failure   Level
a - Pain                  Necr           100%         1%          1
b - Animate Skeleton      Necr           88%          1%          1
c - Vampiric Draining     Necr           22%          1%          3
d - Animate Dead          Necr           22%          2%          4
e - Agony                 Necr           44%          7%          5
f - Corpse Rot            Necr/Air       N/A          1%          2
g - Sublimation of Blood  Necr           22%          1%          2
h - Dispel Undead         Necr           44%          2%          4

Your spell library contained the following spells:

 Spells                   Type           Power        Failure   Level
 Beastly Appendage        Tmut           60%          1%          1
 Freeze                   Ice            100%         1%          1
 Wereblood                Tmut           30%          1%          2
 Frozen Ramparts          Ice            60%          3%          3
 Ozocubu's Armour         Ice            30%          3%          3
 Spider Form              Tmut/Pois      15%          3%          3
 Hailstorm                Conj/Ice       30%          11%         4
 Ice Form                 Ice/Tmut       30%          11%         4
 Summon Ice Beast         Ice/Summ       30%          11%         4
 Excruciating Wounds      Necr           22%          7%          5
 Blade Hands              Tmut           15%          30%         5
 Death Channel            Necr           22%          36%         6
 Simulacrum               Ice/Necr       18%          63%         6


Dungeon Overview and Level Annotations

Branches:
Dungeon (10/15)            Temple (1/1) D:7            Lair (1/6) D:8
Ossuary (visited)
    Orc: D:9-12

Altars:
Ashenzari
Cheibriados
Dithmenos
Elyvilon
Fedhas
Gozag
Hepliaklqana
Kikubaaqudgha
Makhleb
Nemelex Xobeh
Okawaru
Qazlal
Ru
Sif Muna
Trog
Uskayaw
Vehumet
Wu Jian
Xom
Yredelemnul
Zin
The Shining One

Shops:
D:5 ?

Annotations:
D:9 3 runed translucent doors, exclusions: 3 doors and downstairs
D:10 Erica, Harold
Lair:1 exclusion: 5 oklob plants


Innate Abilities, Weirdness & Mutations

Your experience applies equally to all skills.
You have very sharp teeth.
Your uncanny sense of smell can sniff out nearby items.


Message History

The oklob plant spits acid at you. The splash of acid hits you!
You are splashed with acid!
The oklob plant spits acid at you. You block the splash of acid.
The oklob plant spits acid at you. The splash of acid hits you.
* * * LOW HITPOINT WARNING * * *
The acid corrodes you!
You are splashed with acid!
* * * LOW HITPOINT WARNING * * *
Okay, then.
You feel drained.
You fail to use your ability.
You feel drained.
You fade into invisibility!
You are lightly contaminated with residual magic.
The oklob plant spits acid at you. The splash of acid hits you.
* * * LOW HITPOINT WARNING * * *
You are splashed with acid!
You die...
Kikubaaqudgha rasps: "You have failed me!
Welcome... death!"

#.# ##.# #.# #..# #.#
#..# #.#####..#
#..#.###.########
..............#.#######
...#...##.##.....[.P.$#
##..#########......$)|#
##.## #...@P...:# ##.#
#......$$P# #..#
#....P.$.$# #..#
###.####### ...# ###
.#.# ####


You could see 4 oklob plants.

Vanquished Creatures
  2 hydras (Lair:1)
  A tengu warrior (D:10)
  2 cane toads (Lair:1)
  2 komodo dragons (Lair:1)
  A hornet (D:9)
  Grinder (D:5)
  Eustachio (D:6)
  A wyvern (D:10)
  3 yaks (D:8)
  7 water moccasins
  5 black bears (D:8)
  3 sky beasts
  An orc warrior (D:9)
  5 killer bees
  An ice beast (D:5)
  A phantom (D:9)
  6 ogres
  4 centaurs
  4 wolves (Lair:1)
  2 big kobolds
  An elf zombie (Ossuary)
  11 bullfrogs
  A gnoll sergeant (D:9)
  A water moccasin zombie (D:6)
  4 scorpions
  Dowan (D:5)
  8 wights
  2 centaur zombies
  9 hounds
  2 gnoll shamans (D:8)
  A human zombie (Ossuary)
  2 quasits
  4 orc priests
  A bullfrog skeleton (D:5)
  2 centaur skeletons
  2 jellies
  2 iguanas
  10 orc wizards
  9 worker ants
  A big kobold zombie (Ossuary)
  A hound zombie (Ossuary)
  A hound skeleton (D:4)
  4 mummies (Ossuary)
  A worker ant zombie (D:8)
  16 gnolls
  11 adders
  A shadow imp (D:6)
  2 white imps
  2 ufetubi
  2 oozes
  An adder zombie (Ossuary)
  3 worms
  4 dart slugs
  5 leopard geckos
  39 orcs
  7 giant cockroaches
  A gnoll zombie (Ossuary)
  4 goblins
  7 hobgoblins
  5 jackals
  2 quokkas (D:8)
  5 bats
  6 frilled lizards
  A goblin skeleton (D:6)
  A goblin zombie (D:6)
  4 hobgoblin zombies
  A jackal skeleton (D:7)
  20 kobolds
  5 kobold zombies
  An orc zombie (D:6)
  2 quokka zombies (D:6)
  6 rats
298 creatures vanquished.

Vanquished Creatures (collateral kills)
  A hydra (Lair:1)
  A blink frog (Lair:1)
  Duvessa (D:5)
  A wolf (Lair:1)
  An ogre (D:10)
  An adder (D:10)
  2 gnolls (D:5)
  A shadow imp (D:2)
  4 orcs
  A goblin zombie (Ossuary)
  A kobold (D:1)
  A rat zombie (Ossuary)
16 creatures vanquished.

Vanquished Creatures (others)
  A yak (D:8)
  2 killer bees (D:8)
  61 fungi
  115 plants
179 creatures vanquished.

Grand Total: 493 creatures vanquished

Notes
Turn   | Place    | Note
-------+----------+-------------------------------------------
     0 | D:1      | CrazyMind the Gnoll Necromancer began the quest for the
                  | Orb.
     0 | D:1      | Reached XP level 1. HP: 13/13 MP: 6/6
   177 | D:1      | Learned a level 1 spell: Animate Skeleton
   371 | D:1      | Reached XP level 2. HP: 5/19 MP: 5/7
   975 | D:1      | Reached XP level 3. HP: 23/25 MP: 6/9
   979 | D:1      | Learned a level 3 spell: Vampiric Draining
  1250 | D:1      | You fall into a shaft and drop 1 floor!
  1283 | D:2      | Found a radiant altar of Vehumet.
  1288 | D:2      | Reached skill level 5 in Spellcasting
  1659 | D:2      | Reached skill level 1 in Invocations
  1839 | D:2      | Reached skill level 1 in Fighting
  1839 | D:2      | Reached skill level 1 in Short Blades
  1839 | D:2      | Reached skill level 1 in Long Blades
  1839 | D:2      | Reached skill level 1 in Axes
  1839 | D:2      | Reached skill level 1 in Maces & Flails
  1839 | D:2      | Reached skill level 1 in Polearms
  1839 | D:2      | Reached skill level 1 in Staves
  1839 | D:2      | Reached skill level 1 in Slings
  1839 | D:2      | Reached skill level 1 in Bows
  1839 | D:2      | Reached skill level 1 in Crossbows
  1839 | D:2      | Reached skill level 1 in Throwing
  1839 | D:2      | Reached skill level 1 in Armour
  1839 | D:2      | Reached skill level 1 in Shields
  1839 | D:2      | Reached skill level 1 in Unarmed Combat
  1839 | D:2      | Reached skill level 1 in Evocations
  2025 | D:2      | Reached XP level 4. HP: 27/32 MP: 8/11
  2032 | D:2      | Learned a level 4 spell: Animate Dead
  2534 | D:3      | Reached skill level 1 in Conjurations
  2534 | D:3      | Reached skill level 1 in Hexes
  2534 | D:3      | Reached skill level 1 in Summonings
  2534 | D:3      | Reached skill level 1 in Translocations
  2534 | D:3      | Reached skill level 1 in Transmutations
  2534 | D:3      | Reached skill level 1 in Fire Magic
  2534 | D:3      | Reached skill level 1 in Ice Magic
  2534 | D:3      | Reached skill level 1 in Air Magic
  2534 | D:3      | Reached skill level 1 in Earth Magic
  2534 | D:3      | Reached skill level 1 in Poison Magic
  3027 | D:3      | Reached XP level 5. HP: 33/37 MP: 7/12
  3033 | D:3      | Learned a level 5 spell: Agony
  3706 | D:4      | Reached XP level 6. HP: 27/44 MP: 1/13
  3968 | D:4      | Found a snail-covered altar of Cheibriados.
  4011 | D:4      | Reached skill level 5 in Dodging
  4892 | D:4      | Reached XP level 7. HP: 46/51 MP: 15/15
  5028 | D:4      | Found a sacrificial altar of Ru.
  5217 | D:5      | Entered Level 5 of the Dungeon
  5217 | D:5      | Noticed Duvessa
  5217 | D:5      | Noticed Dowan
  5578 | D:5      | Reached skill level 5 in Stealth
  5809 | D:5      | Found Notoi's Magic Scroll Shop.
  5861 | D:5      | Noticed Grinder
  5865 | D:5      | Killed Grinder
  5866 | D:5      | Reached XP level 8. HP: 58/58 MP: 16/16
  6174 | D:6      | Got a spiked chain mail
  6175 | D:6      | Identified the +6 chain mail of Disaster {Str+6 Dex-5 SInv}
                  | (You found it on level 6 of the Dungeon)
  6284 | D:6      | Found a glowing golden altar of the Shining One.
  7070 | D:6      | Noticed Eustachio
  7079 | D:6      | Killed Eustachio
  7080 | D:6      | Reached XP level 9. HP: 53/65 MP: 18/18
  7427 | D:5      | Killed Dowan
  7442 | D:5      | Killed Duvessa
  7896 | D:7      | Found a stormy altar of Qazlal.
  7968 | D:7      | Found a staircase to the Ecumenical Temple.
  8037 | D:7      | Reached skill level 8 in Necromancy
  8251 | Temple   | Entered the Ecumenical Temple
  8815 | D:7      | Found an ornate altar of the Wu Jian Council.
  8816 | D:7      | Found an ancient bone altar of Kikubaaqudgha.
  8817 | D:7      | Found a broken altar of Ashenzari.
  8820 | D:7      | Became a worshipper of Kikubaaqudgha
  9155 | D:7      | Found a shimmering blue altar of Sif Muna.
  9315 | D:8      | Reached skill level 5 in Invocations
  9623 | D:8      | Found an iron altar of Okawaru.
  9646 | D:8      | Found a sand-covered staircase.
  9653 | Ossuary  | Entered an ossuary
  9909 | Ossuary  | Reached XP level 10. HP: 72/73 MP: 20/20
 10060 | D:8      | Reached * piety under Kikubaaqudgha
 10060 | D:8      | Identified Kikubaaqudgha's Guide on Unholy Magic
                  | (Kikubaaqudgha gifted it to you on level 8 of the Dungeon)
 10060 | D:8      | Received a gift from Kikubaaqudgha
 10117 | D:8      | Learned a level 2 spell: Corpse Rot
 10120 | D:8      | Learned a level 2 spell: Sublimation of Blood
 10381 | D:8      | Reached skill level 5 in Fighting
 10381 | D:8      | Reached skill level 5 in Short Blades
 10381 | D:8      | Reached skill level 5 in Long Blades
 10381 | D:8      | Reached skill level 5 in Axes
 10381 | D:8      | Reached skill level 5 in Maces & Flails
 10381 | D:8      | Reached skill level 5 in Polearms
 10381 | D:8      | Reached skill level 5 in Staves
 10381 | D:8      | Reached skill level 5 in Slings
 10381 | D:8      | Reached skill level 5 in Bows
 10381 | D:8      | Reached skill level 5 in Crossbows
 10381 | D:8      | Reached skill level 5 in Throwing
 10381 | D:8      | Reached skill level 5 in Armour
 10381 | D:8      | Reached skill level 5 in Shields
 10381 | D:8      | Reached skill level 5 in Unarmed Combat
 10381 | D:8      | Reached skill level 5 in Evocations
 10399 | D:8      | Found a staircase to the Lair.
 11847 | D:8      | Reached ** piety under Kikubaaqudgha
 12257 | D:8      | Found a white marble altar of Elyvilon.
 12673 | D:9      | Found a shadowy altar of Dithmenos.
 12769 | D:9      | Found a runed translucent gate.
 12769 | D:9      | Found a runed translucent gate.
 12769 | D:9      | Found a runed translucent gate.
 12769 | D:9      | Noticed a purple ugly thing
 12769 | D:9      | Noticed a cyan ugly thing
 12769 | D:9      | Noticed a green ugly thing
 12769 | D:9      | Noticed a purple ugly thing
 12772 | D:9      | Noticed a white ugly thing
 12772 | D:9      | Noticed a white very ugly thing
 13057 | D:9      | Found an iron altar of Okawaru.
 13441 | D:9      | Found a sparkling altar of Nemelex Xobeh.
 13596 | D:10     | Entered Level 10 of the Dungeon
 13678 | D:10     | Noticed a tengu warrior
 13692 | D:10     | Killed a tengu warrior
 13693 | D:10     | Reached XP level 11. HP: 69/81 MP: 16/22
 13701 | D:10     | Got a faintly glowing long sword
 13710 | D:10     | Identified the +8 long sword of Waleis {vorpal, *Rage rElec
                  | rN++ Str+3} (You found it on level 10 of the Dungeon)
 13925 | D:10     | Noticed Erica
 14234 | D:10     | Noticed a deep elf knight
 14239 | D:10     | Noticed Harold
 14294 | Lair:1   | Entered Level 1 of the Lair of Beasts
 14552 | Lair:1   | Reached skill level 5 in Conjurations
 14552 | Lair:1   | Reached skill level 5 in Hexes
 14552 | Lair:1   | Reached skill level 5 in Summonings
 14552 | Lair:1   | Reached skill level 5 in Translocations
 14552 | Lair:1   | Reached skill level 5 in Transmutations
 14552 | Lair:1   | Reached skill level 5 in Fire Magic
 14552 | Lair:1   | Reached skill level 5 in Ice Magic
 14552 | Lair:1   | Reached skill level 5 in Air Magic
 14552 | Lair:1   | Reached skill level 5 in Earth Magic
 14552 | Lair:1   | Reached skill level 5 in Poison Magic
 14554 | Lair:1   | Reached *** piety under Kikubaaqudgha
 14554 | Lair:1   | Identified Kikubaaqudgha's Catalogue of Stolen Souls
                  | (Kikubaaqudgha gifted it to you on level 1 of the Lair of
                  | Beasts)
 14554 | Lair:1   | Received a gift from Kikubaaqudgha
 14799 | Lair:1   | Noticed an eight-headed hydra
 14807 | Lair:1   | Learned a level 4 spell: Dispel Undead
 14825 | Lair:1   | Killed an eight-headed hydra
 15258 | Lair:1   | Noticed a five-headed hydra
 15269 | Lair:1   | Killed a five-headed hydra
 15270 | Lair:1   | Reached skill level 9 in Necromancy
 15357 | Lair:1   | Noticed an oklob plant
 15357 | Lair:1   | Noticed an oklob plant
 15397 | Lair:1   | Noticed an oklob plant
 15397 | Lair:1   | Noticed a five-headed hydra
 15440 | Lair:1   | HP: 2/83 [five-headed hydra (11)]
 15441 | Lair:1   | Killed a five-headed hydra
 16129 | Lair:1   | Noticed an oklob plant
 16131 | Lair:1   | Noticed an oklob plant
 16156 | Lair:1   | HP: 1/57 [oklob plant/splash of acid (3)]
 16156 | Lair:1   | Splashed by an oklob plant's acid

Illustrated notes

Levels and vault maps discovered:
D:1:      minmay_arrival_checkered_box, layout_loops_ring, minmay_crystal_room
D:2:      layout_basic, fiery_altar_vehumet, grunt_decor_cap
D:3:      layout_loops_ring
D:4:      minmay_inner_zag, layout_basic, hangedman_ru_absence,
          kennysheep_slug_shrine
D:5:      layout_basic, serial_shops, nicolae_shop_crystal, minivault_23,
          minmay_misc_feat_encased, uniq_grinder, uniq_duvessa
D:6:      layout_cave_pools, nicolae_tso_besieged_by_evil, grunt_ministairs_1,
          uniq_eustachio
D:7:      layout_loops_ring, marbit_many_paths, nicolae_overflow_crystal_walls,
          grunt_temple_overflow_open, minmay_temple_entry_arrows
D:8:      nicolae_whirlpool, layout_loops_ring, kennysheep_little_box,
          due_lair_maze_entry_diamond, chequers_ossuary_entry_cave, special_room
          [special_room_orc], okawaru_metal_pillars_1_2
D:9:      layout_stronghold, lemuel_doored_altar, lemuel_round_altar,
          ploomutoo_gammafunk_ghost_potion_laboratory,
          nicolae_dithmenos_through_a_glass_darkly
D:10:     layout_cave_pools, sword_in_stone
Temple:   zaba_magenta_temple
Lair:1:   minmay_lair_oklob_tunnel, layout_loops_ring, minmay_lair_oklob_chamber

Skill      XL: |  1  2  3  4  5  6  7  8  9 10 11 |
---------------+----------------------------------+-----
Spellcasting   | 5 6 7 8 |  8.4
Invocations    | 1 2 3 4 5 6 7 |  7.2
Fighting       | 1 2 3 4 5 6 |  6.6
Short Blades   | 1 2 3 4 5 6 |  6.6
Long Blades    | 1 2 3 4 5 6 |  6.6
Axes           | 1 2 3 4 5 6 |  6.6
Maces & Flails | 1 2 3 4 5 6 |  6.6
Polearms       | 1 2 3 4 5 6 |  6.6
Staves         | 1 2 3 4 5 6 |  6.6
Slings         | 1 2 3 4 5 6 |  6.6
Bows           | 1 2 3 4 5 6 |  6.6
Crossbows      | 1 2 3 4 5 6 |  6.6
Throwing       | 1 2 3 4 5 6 |  6.6
Armour         | 1 2 3 4 5 6 |  6.6
Shields        | 1 2 3 4 5 6 |  6.6
Unarmed Combat | 1 2 3 4 5 6 |  6.6
Evocations     | 1 2 3 4 5 6 |  6.6
Conjurations   | 1 2 3 4 5 |  5.5
Hexes          | 1 2 3 4 5 |  5.5
Summonings     | 1 2 3 4 5 |  5.5
Translocations | 1 2 3 4 5 |  5.5
Transmutations | 1 2 3 4 5 |  5.5
Fire Magic     | 1 2 3 4 5 |  5.5
Ice Magic      | 1 2 3 4 5 |  5.5
Air Magic      | 1 2 3 4 5 |  5.5
Earth Magic    | 1 2 3 4 5 |  5.5
Poison Magic   | 1 2 3 4 5 |  5.5
Dodging        | 5 6 7 8 |  8.1
Stealth        | 5 6 7 |  7.9
Necromancy     | 8 9 |  9.1

Action                   |  1- 3 |  4- 6 |  7- 9 | 10-12 || total
-------------------------+-------+-------+-------+-------++-------
Melee: Short sword       |     8 |       |       |       ||     8
       Whip              |       |    19 |   233 |   122 ||   374
       Bite              |       |     1 |    31 |    18 ||    50
Throw: Dart              |       |       |       |    19 ||    19
       Boomerang         |       |       |       |     5 ||     5
 Cast: Pain              |    52 |    96 |   182 |   334 ||   664
       Animate Skeleton  |     5 |     4 |     1 |       ||    10
       Vampiric Draining |       |     1 |    13 |    80 ||    94
       Animate Dead      |       |       |     5 |    18 ||    23
       Agony             |       |       |       |     7 ||     7
       Sublimation of Bl |       |       |       |     2 ||     2
       Corpse Rot        |       |       |       |     1 ||     1
Invok: Receive Corpses   |       |       |       |     2 ||     2
 Abil: Evoke Invisibilit |       |       |       |     2 ||     2
Evoke: Wand              |       |       |    14 |    17 ||    31
  Use: Scroll            |     3 |     1 |     7 |     9 ||    20
       Potion            |       |     3 |     2 |       ||     5
 Stab: Sleeping          |     1 |     6 |     4 |     1 ||    12
       Distracted        |       |       |       |     2 ||     2
       Invisible         |       |       |       |     5 ||     5
Armor: Leather armour    |     3 |    16 |    78 |   102 ||   199
       Skin              |       |       |    21 |       ||    21
Dodge: Dodged            |    24 |    37 |   236 |   301 ||   598
Block: Buckler           |       |       |    54 |    98 ||   152
